 Dungeon Crawl Stone Soup version 0.26.1-11-gd32895ea62 (webtiles) character file.

Game seed: 5152651608762250621

19 Findor the Shield-Bearer (level 2, 0/16 HPs)
             Began as a Vine Stalker Fighter on June 27, 2021.
             Slain by a gnoll
             ... wielding a +0 halberd
              (5 damage)
             ... on level 1 of the Dungeon.
             The game lasted 00:00:41 (750 turns).

Findor the Shield-Bearer (Vine Stalker Fighter)      Turns: 750, Time: 00:00:42

Health: 0/16       AC:  6    Str: 18    XL:     2   Next: 75%
Magic:  0/3        EV:  7    Int:  8    God:
Gold:   61         SH:  9    Dex: 13    Spells: 1/1 levels left

rFire    . . .     SeeInvis .   a - +0 rapier
rCold    . . .     Faith    .   c - +0 kite shield
rNeg     . . .     Spirit   +   b - +0 scale mail
rPois    .         Reflect  .   (no helmet)
rElec    .         Harm     .   (no cloak)
rCorr    .         Rampage  .   (no gloves)
Will     .....                  (no boots)
Stlth    ..........             (no amulet)
HPRegen  0.05/turn              (no ring)
MPRegen  0.08/turn              (no ring)

@: no status effects
A: fangs 2, magic shield, antimagic bite, no potion heal 3
a: no special abilities


You were on level 1 of the Dungeon.
You visited 1 branch of the dungeon, and saw 1 of its levels.

You collected 61 gold pieces.


Innate Abilities, Weirdness & Mutations

You have extremely sharp teeth.
When hurt, damage is shared between your health and your magic reserves.
Your bite disrupts and absorbs the magic of your enemies.
Potions cannot restore your health.


   Skills:
 - Level 2.6 Fighting
 * Level 2.6 Short Blades
 - Level 2.4 Armour
 + Level 3.0 Shields


You had one spell level left.
You didn't know any spells.
Your spell library was empty.

Inventory:

Hand Weapons
 a - a +0 rapier (weapon)
Armour
 b - a +0 scale mail (worn)
 c - a +0 kite shield (worn)
Scrolls
 e - 3 scrolls of identify {unknown}
 g - a scroll of noise {unknown}
 i - a scroll of enchant armour {unknown}
Potions
 d - a potion of might
 f - a potion of cancellation {unknown}
 h - a potion of haste {unknown}


Message History

You closely miss the kobold. You block the kobold's attack.
The kobold hits you.
You barely miss the kobold. You bite the kobold, but do no damage.
The kobold barely misses you.
Your shield and scale mail prevent you from hitting the kobold.
Your bite misses the kobold. The kobold barely misses you.
Your scale mail prevents you from hitting the kobold.
The kobold hits you but does no damage.
Your shield prevents you from hitting the kobold.
You bite the kobold, but do no damage. The kobold hits you.
You barely miss the kobold. Your bite misses the kobold.
You block the kobold's attack.
You closely miss the kobold. The kobold hits you.
You puncture the kobold!
You kill the kobold!
No target in view!
No target in view!
No target in view!
No target in view!
No target in view!
No target in view!
No target in view!
No target in view!
No target in view!
No target in view!
No target in view!
No target in view!
No target in view!
There is a stone staircase leading down here.
Found a metallic purple potion.
h - a metallic purple potion
Found a scroll labelled NUFEUMYSME.
i - a scroll labelled NUFEUMYSME You aren't carrying any pieces of jewellery.
Okay, then.
A gnoll comes into view. It is wielding a +0 halberd.
The gnoll shouts!
A gnoll is nearby!
The gnoll barely misses you.
You hit the gnoll. You bite the gnoll, but do no damage.
The gnoll hits you with a +0 halberd!
Ouch! That really hurt!
* * * LOW HITPOINT WARNING * * *
You completely miss the gnoll. The gnoll barely misses you.
You barely miss the gnoll. You bite the gnoll. You drain its power.
You feel invigorated. The gnoll hits you with a +0 halberd.
* * * LOW HITPOINT WARNING * * *
Unknown command.
You hit the gnoll. The gnoll hits you with a +0 halberd!
You die...

..###...##.##### #.#
.........#.# #.# ..##.##..#.#
#.# #.##.##..#.# #.#
..##.##..#.# #.#
#..........####### #.#######
.....##..........#######.......#
..#..##.########.##...########.#
..#..##.# #@##.#..........#
.##..##.# #g##...##########
.##..##.# #.###.## .....##.# ..#
#.# ........# ### #†# .##.#####
#.# .##.# ##.### .##.#
#.####....## .##.## #........#.#


You could see a gnoll.

Vanquished Creatures
  A dart slug (D:1)
  3 leopard geckos (D:1)
  A bat (D:1)
  2 giant cockroaches (D:1)
  2 goblins (D:1)
  A hobgoblin (D:1)
  A frilled lizard (D:1)
  A kobold (D:1)
  2 rats (D:1)
14 creatures vanquished.

Notes
Turn   | Place    | Note
-------+----------+-------------------------------------------
     0 | D:1      | Findor the Vine Stalker Fighter began the quest for the
                  | Orb.
     0 | D:1      | Reached XP level 1. HP: 11/11 MP: 2/2
   204 | D:1      | Reached XP level 2. HP: 16/16 MP: 3/3
   391 | D:1      | Reached skill level 3 in Shields
   750 | D:1      | Slain by a gnoll

Levels and vault maps discovered:
D:1:      erik_arrival_blinker_ship, layout_loops_ring

Action                   || total
-------------------------++-------
Melee: Rapier            ||    43
       Bite              ||    14
Armor: Scale mail        ||    17
Dodge: Dodged            ||    16
Block: Kite shield       ||    15
